 Dungeon Crawl Stone Soup version 0.25.0-46-gbd7b0854d2 (webtiles) character file.

Game seed: 9753502414892800182

433 ANON1729 the Cudgeler (level 6, -4/61 HPs)
             Began as a Troll Gladiator on July 13, 2020.
             Slain by an unseen horror (7 damage)
             ... on level 5 of the Dungeon.
             The game lasted 00:08:40 (4587 turns).

ANON1729 the Cudgeler (Troll Gladiator)             Turns: 4587, Time: 00:08:40

Health: -4/61      AC:  6    Str: 25    XL:     6   Next: 67%
Magic:  5/5        EV: 11    Int:  4    God:
Gold:   440        SH:  0    Dex: 11    Spells: 5/5 levels left

rFire    . . .     SeeInvis .   a - +0 flail
rCold    . . .     Gourm    +   (no shield)
rNeg     . . .     Faith    +   b - +0 robe
rPois    .         Spirit   .   c - +0 hat
rElec    .         Reflect  .   (no cloak)
rCorr    .         Harm     .   (gloves unavailable)
MR       .....                  (boots unavailable)
Stlth    +.........             g - amulet of faith
HPRegen  0.60/turn              (no ring)
MPRegen  0.09/turn              (no ring)

@: mighty, about to teleport, flying
A: large, unfitting armour, claws 3, fast metabolism 3, gourmand, regeneration
1, shaggy fur 1, tough skin 3
a: no special abilities


You were on level 5 of the Dungeon.
You were completely stuffed.

You visited 2 branches of the dungeon, and saw 6 of its levels.
You also visited: Ossuary.

You collected 440 gold pieces.

Inventory:

Hand Weapons
 a - a +0 flail (weapon)
Missiles
 d - 3 throwing nets (quivered)
Armour
 b - a +0 robe (worn)
 c - a +0 hat (worn)
Jewellery
 g - an amulet of faith (around neck)
Scrolls
 e - 4 scrolls of immolation
 h - 2 scrolls of teleportation
 m - 2 scrolls of enchant weapon
 n - 5 scrolls of remove curse
 p - 3 scrolls of amnesia {unknown}
 q - a scroll of enchant armour {unknown}
 x - a scroll of fog {unknown}
 y - a scroll of identify
Potions
 i - 2 potions of curing
 j - a potion of cancellation {unknown}
 k - 3 potions of might
 l - 2 potions of flight
 r - a potion of resistance {unknown}
 s - a potion of haste {unknown}
 t - a potion of invisibility {unknown}
 u - a potion of stabbing {unknown}
 v - a potion of degeneration {unknown}
 w - a potion of lignification {unknown}
Comestibles
 f - 6 rations
 z - a chunk of flesh


   Skills:
 + Level 3.1 Fighting
 + Level 4.1 Maces & Flails
 + Level 3.5 Throwing
 + Level 3.8 Dodging


You had 5 spell levels left.
You didn't know any spells.
Your spell library was empty.

Dungeon Overview and Level Annotations

Branches:
Dungeon (5/15)             Temple (1/1) D:4         Ossuary (visited)

Altars:
Cheibriados
Dithmenos
Elyvilon
Fedhas
Gozag
Hepliaklqana
Kikubaaqudgha
Makhleb
Nemelex Xobeh
Okawaru
Qazlal
Ru
Sif Muna
Trog
Uskayaw
Vehumet
Wu Jian
Xom
Yredelemnul
Zin
The Shining One


Innate Abilities, Weirdness & Mutations

You are too large for most types of armour.
You have claws for hands.
Your metabolism is lightning-fast.
You like to eat raw meat.
Your natural rate of healing is unusually fast.
You are covered in fur. (AC +1)
You have extremely tough skin. (AC +3)


Message History

* * * LOW HITPOINT WARNING * * *
It was a potion of flight.
You feel very buoyant.
You fly up into the air.
It was a potion of heal wounds.
You feel much better. Something hits you!
* * * LOW HITPOINT WARNING * * *
Something hits you!
* * * LOW HITPOINT WARNING * * *
You feel much better. Something hits you. x2
You aren't carrying any items that you can evoke.
Something hits you!
* * * LOW HITPOINT WARNING * * *
Something hits you!
* * * LOW HITPOINT WARNING * * *
Something hits you!
* * * LOW HITPOINT WARNING * * *
As you read the scroll labeled EDWUDO IHIEBOO, it crumbles to dust.
You feel strangely unstable.
It was a scroll of teleportation.
Something hits you!
You die...

### # #.. #.#.#
.#.## ... #.#
#@# ###### #.#
.....#
#.#######.....#
#.......#.....#
#..####.#.....#
#..####.#.....#
#...........#
#....##..####
#........###


There were no monsters in sight!

Vanquished Creatures
  A bullfrog zombie (D:5)
  A big kobold zombie (Ossuary)
  A hound skeleton (D:5)
  9 mummies
  12 adders
  A shadow imp (D:3)
  An adder skeleton (D:4)
  9 worms
  A leopard gecko (D:4)
  7 orcs
  A ball python (D:4)
  5 giant cockroaches
  8 goblins
  11 hobgoblins
  12 jackals
  7 kobolds
  A quokka (D:3)
  11 bats
  6 frilled lizards
  A gnoll zombie (Ossuary)
  A goblin zombie (D:4)
  A jackal zombie (D:5)
  2 kobold zombies (Ossuary)
  A leopard gecko skeleton (D:4)
  5 orc zombies
  4 rats
120 creatures vanquished.

Notes
Turn   | Place    | Note
-------+----------+-------------------------------------------
     0 | D:1      | ANON1729 the Troll Gladiator began the quest for the Orb.
     0 | D:1      | Reached XP level 1. HP: 19/19 MP: 0/0
   153 | D:1      | Reached XP level 2. HP: 23/28 MP: 1/1
   640 | D:2      | Reached skill level 3 in Maces & Flails
   657 | D:2      | Reached XP level 3. HP: 30/35 MP: 2/2
   665 | D:2      | Found a shimmering altar of Xom.
   672 | D:2      | Found a shimmering altar of Xom.
   675 | D:2      | Found a shimmering altar of Xom.
   675 | D:2      | Found a shimmering altar of Xom.
   940 | D:2      | Reached XP level 4. HP: 30/42 MP: 3/3
  1461 | D:2      | Found a faded altar of an unknown god.
  1798 | D:3      | Reached XP level 5. HP: 37/50 MP: 4/4
  2440 | D:3      | Found a basalt altar of Yredelemnul.
  2670 | D:3      | Found a shimmering blue altar of Sif Muna.
  2892 | D:4      | Found a sand-covered staircase.
  2923 | Ossuary  | Entered an ossuary
  3014 | Ossuary  | Reached XP level 6. HP: 39/59 MP: 5/5
  3323 | Ossuary  | Reached skill level 4 in Maces & Flails
  3709 | D:4      | Found an ancient bone altar of Kikubaaqudgha.
  3718 | D:4      | Found a staircase to the Ecumenical Temple.
  3930 | D:4      | Found a glowing silver altar of Zin.
  3931 | D:4      | Found an opulent altar of Gozag.
  4071 | Temple   | Entered the Ecumenical Temple
  4270 | D:5      | Entered Level 5 of the Dungeon
  4585 | D:5      | HP: 2/61 [something (9)]
  4587 | D:5      | Slain by an unseen horror

Illustrated notes

Levels and vault maps discovered:
D:1:      lightli_arrival_windingriver, layout_loops_ring,
          kennysheep_nondescript, chequers_serial_rivers_room_b
D:2:      layout_basic, xom_redecorated, chequers_ecumenical_altar_simple,
          chequers_arboretum
D:3:      layout_basic, lemuel_round_altar, led_sif_pool, serial_rivers,
          chequers_serial_rivers_micro_b, chequers_serial_rivers_micro_d,
          chequers_serial_rivers_small_b, chequers_serial_rivers_small_b,
          kennysheep_generic_room_11
D:4:      layout_loops_corners, grunt_temple_overflow_gold_and_silver,
          nicolae_overflow_crystal_walls, minmay_temple_entry_statues_pillars,
          nicolae_ossuary_entry_giza
D:5:      layout_loops_cross, first_ration
Temple:   eino_wide_crystal_templ

Skill      XL: |  1  2  3  4  5  6 |
---------------+-------------------+-----
Throwing       | 2 3 |  3.5
Fighting       | 2 3 |  3.1
Maces & Flails | 3 4 |  4.1
Dodging        | 3 |  3.8

Action                   |  1- 3 |  4- 6 || total
-------------------------+-------+-------++-------
Melee: Flail             |   147 |   356 ||   503
  Use: Potion            |     1 |     4 ||     5
       Scroll            |       |     7 ||     7
 Stab: Sleeping          |       |     2 ||     2
  Eat: Chunk             |    13 |    36 ||    49
Armor: Robe              |   193 |   156 ||   349
Dodge: Dodged            |   217 |   224 ||   441
